 Dungeon Crawl Stone Soup version 0.31.0-9-g3a7656b989 (console) character file.

Game seed: 971304879294604264

319 AlterAsc the Chopper (level 6, -1/46 (47) HPs)
             Began as a Formicid Fighter on Jan 31, 2024.
             Was a Follower of Okawaru.
             Slain by an ogre
             ... wielding a +0 giant club
              (4 damage)
             ... on level 3 of the Dungeon.
             The game lasted 00:05:15 (2314 turns).

AlterAsc the Chopper (Formicid Fighter)             Turns: 2314, Time: 00:05:16

HP:   -1/46 (47)    AC: 13    Str: 22    XL:     6   Next: 75%
MP:   6/6           EV:  6    Int:  8    God:    Okawaru [*.....]
Gold: 124           SH:  5    Dex: 13    Spells: 5/5 levels left

rFire   . . .        a - +0 war axe
rCold   . . .        c - +0 buckler
rNeg    . . .        l - +0 plate armour
rPois   .            (helmet unavailable)
rElec   .            o - +0 cloak
rCorr   .            (no gloves)
SInv    +            h - +0 pair of boots
Will    .....        (no amulet) Stlth
                     (no ring)
HPRegen 0.27/turn    (no ring)
MPRegen 0.10/turn

%: no passive effects
@: lightly drained
A: permanent stasis, dig shafts and tunnels, antennae 3, four strong arms
a: Dig, Shaft Self, Renounce Religion, Heroism


You were on level 3 of the Dungeon.
You worshipped Okawaru.
Okawaru was aware of your devotion.
You visited 1 branch of the dungeon, and saw 3 of its levels.

You collected 124 gold pieces.

Inventory:

Hand Weapons
 a - a +0 war axe (weapon)
 d - a +1 spear of flaming
Missiles
 i - 2 poisoned darts (quivered)
Armour
 b - a +0 scale mail
 c - a +0 buckler (worn)
 h - a +0 pair of boots (worn)
 l - a +0 plate armour (worn)
 o - a +0 cloak (worn)
Jewellery
 e - a ring of ice
Scrolls
 f - a scroll of fear {unknown}
 k - 2 scrolls of vulnerability {unknown}
 m - a scroll of identify {unknown}
 s - a scroll of silence {unknown}
 t - a scroll of acquirement {unknown}
Potions
 g - a potion of cancellation {unknown}
 j - a potion of curing
 n - a potion of lignification {unknown}
 p - a potion of mutation {unknown}
 q - a potion of berserk rage {unknown}
 r - a potion of degeneration {unknown}


   Skills:
 - Level 3.2 Fighting
 + Level 6.6 Axes
 - Level 3.2 Armour
 - Level 4.0 Shields


You had 5 spell levels left.
You didn't know any spells.
Your spell library contained the following spells:

 Spells                   Type           Power      Damage    Failure   Level
 Static Discharge         Conj/Air       0%         3-3/arc   100%        2
 Dazzling Flash           Conj/Hex       0%         N/A       100%        3
 Volatile Blastmotes      Fire/Tloc      0%         2d10      100%        3
 Airstrike                Air            0%         2d(0-16)  100%        4
 Starburst                Conj/Fire      0%         6d3       100%        6
 Maxwell's Capacitive Co  Air            0%         ∞         100%        8
 Summon Lightning Spire   Summ/Air       Unusable   N/A       N/A         4

Dungeon Overview and Level Annotations

Branches:
Dungeon (3/15)

Altars:
Cheibriados
Dithmenos
Okawaru
Vehumet
Xom
The Shining One

Shops:
D:2 *


Innate Abilities, Weirdness & Mutations

You cannot be hasted, slowed, berserked, paralysed or teleported.
You can dig through walls and to a lower floor.
You have a pair of large antennae on your head. (SInv)
Your four strong arms can wield two-handed weapons with a shield.


Message History

You see here a +2 dagger of venom.
A bat comes into view.
A frilled lizard comes into view.
Found a stone staircase leading down.
The bat hits you but does no damage. The bat hits you.
You hit the bat.
The bat is moderately wounded.
You block the bat's attack. The bat hits you but does no damage.
You slash the bat!
You kill the bat!
Okawaru accepts your kill.
You closely miss the frilled lizard.
The frilled lizard bites you but does no damage.
You hit the frilled lizard.
The frilled lizard is heavily wounded.
You block the frilled lizard's attack.
You slash the frilled lizard!
You kill the frilled lizard!
No target in view!
Found a stone staircase leading up.
t - a scroll labelled POOXOM MIST You now have 112 gold pieces (gained 8).
You now have 124 gold pieces (gained 12).
You pick up a book of Spectacle and begin reading...
You add the spells Volatile Blastmotes, Dazzling Flash, Starburst and Maxwell's Capacitive Coupling to your library.
k - 2 scrolls labelled QAKKAKL DOLON (gained 1)
You sense a monster nearby.
An ogre comes into view. It is wielding a +0 giant club.
The ogre shouts!
You barely miss the ogre. You block the ogre's attack.
You barely miss the ogre.
The ogre hits you with a +0 giant club!!
You barely miss the ogre.
The ogre hits you with a +0 giant club!!
Ouch! That really hurt!
* * * LOW HITPOINT WARNING * * *
You hit the ogre.
The ogre is lightly wounded.
The ogre hits you with a +0 giant club.
You die...

....... #...... ####.# #...
#... #... #### #.# # ##..# #
##.#.####### # .......O@.#
#...#####.# ########### #...#
#.# #.......... #######...#
##.## ##.#########
.....)....####...###...########
######.#......................
#.######..<###...######## #.###
##.## ##.## # #...# #.# #.#
.######.# #.# #.#########
.......[# #.# #..........


You could see an ogre.

Vanquished Creatures
  A water moccasin (D:3)
  A jelly (D:2)
  Jessica (D:3)
  4 gnolls (D:3)
  4 adders
  2 ribbon worms (D:2)
  2 dart slugs (D:3)
  A ball python (D:1)
  6 bats
  12 endoplasms
  A giant cockroach (D:3)
  4 goblins
  8 hobgoblins
  3 jackals (D:1)
  2 quokkas
  7 frilled lizards
  11 kobolds
  6 rats
76 creatures vanquished.

Notes
Turn   | Place    | Note
-------+----------+-------------------------------------------
     0 | D:1      | AlterAsc the Formicid Fighter began the quest for the Orb.
     0 | D:1      | Reached XP level 1. HP: 18/18 MP: 1/1
   168 | D:1      | Reached XP level 2. HP: 18/24 MP: 2/2
   394 | D:1      | Reached skill level 3 in Axes
   550 | D:1      | Reached XP level 3. HP: 29/29 MP: 3/3
  1012 | D:2      | Reached skill level 4 in Axes
  1012 | D:2      | Reached XP level 4. HP: 35/35 MP: 4/4
  1029 | D:2      | Found Pahynini's Assorted Antiques.
  1576 | D:2      | Found a glowing golden altar of the Shining One.
  1576 | D:2      | Found a snail-covered altar of Cheibriados.
  1576 | D:2      | Found a shadowy altar of Dithmenos.
  1576 | D:2      | Found a radiant altar of Vehumet.
  1576 | D:2      | Found an iron altar of Okawaru.
  1576 | D:2      | Found a shimmering altar of Xom.
  1584 | D:2      | Reached skill level 5 in Axes
  1584 | D:2      | Reached XP level 5. HP: 23/41 MP: 5/5
  1726 | D:2      | Became a worshipper of Warmaster Okawaru
  1817 | D:3      | Noticed a water moccasin
  1833 | D:3      | Killed a water moccasin
  1833 | D:3      | Reached * piety under Okawaru
  1834 | D:3      | Reached skill level 6 in Axes
  1834 | D:3      | Reached XP level 6. HP: 28/47 MP: 6/6
  2097 | D:3      | Noticed Jessica
  2102 | D:3      | Killed Jessica
  2186 | D:3      | Found a snail-covered altar of Cheibriados.
  2309 | D:3      | Noticed an ogre
  2314 | D:3      | Slain by an ogre

Illustrated notes

Levels and vault maps discovered:
D:1:      matt_arrival_diagonals, layout_basic, serial_bayou_lake_a
D:2:      cheibrodos_fertilizer, layout_rooms, serial_shops, shop_statue,
          nicolae_houndstooth_variations
D:3:      layout_loops_ring, kennysheep_slug_shrine, grunt_ministairs_10,
          uniq_jessica

Skill      XL: |  1  2  3  4  5 |
---------------+----------------+-----
Axes           | 3 4 5 6 |  6.6
Fighting       | |  3.2
Armour         | |  3.2
Shields        | |  4.0

Action                     |  1- 3 |  4- 6 || total
---------------------------+-------+-------++-------
  Melee: War axe           |    99 |   117 ||   216
Ability: Dig               |       |     3 ||     3
    Use: Potion            |       |     3 ||     3
 Armour: Scale mail        |    61 |       ||    61
         Plate armour      |     5 |    97 ||   102
  Dodge: Dodged            |    39 |    27 ||    66
  Block: Buckler           |    17 |    23 ||    40
